 Dungeon Crawl Stone Soup version 0.28-a0-769-g550dbda0cd (webtiles) character file.

Game seed: 10157559999444717228

349 funkygono the Firebug (level 6, -1/32 HPs)
             Began as a Gargoyle Fire Elementalist on Oct 31, 2021.
             Slain by a wyvern zombie (7 damage)
             ... in an ossuary.
             The game lasted 00:07:19 (3924 turns).

funkygono the Firebug (Gargoyle Fire Elementalist)  Turns: 3924, Time: 00:07:20

Health: -1/32      AC: 10    Str: 12    XL:     6   Next: 60%
Magic:  2/11       EV: 12    Int: 17    God:
Gold:   103        SH:  0    Dex: 10    Spells: 1/12 levels left

rFire   + . .      SeeInvis .   c - +0 whip
rCold   + . .      Faith    .   (no shield)
rNeg    + . .      Spirit   .   m - +2 robe {rC+ rF+}
rPois   ∞          Reflect  .   (no helmet)
rElec   +          Harm     .   l - +0 cloak
rCorr   .          Rampage  .   a - +0 pair of gloves
Will    .....                   (no boots)
Stlth   ++........              (no amulet)
HPRegen 0.10/turn               (no ring)
MPRegen 0.12/turn               (no ring)

@: no status effects
A: sickness immunity, AC +4, negative energy resistance 1, electricity
resistance, torment resistance 1, petrification resistance
a: no special abilities


You were in an ossuary.
You visited 1 branch of the dungeon, and saw 4 of its levels.
You also visited: Ossuary.

You collected 103 gold pieces.

Inventory:

Hand Weapons
 c - a +0 whip (weapon)
 p - a +0 whip
Missiles
 g - 76 stones
Armour
 a - a +0 pair of gloves (worn)
 e - a +0 ring mail
 l - a +0 cloak (worn)
 m - a +2 robe of resistance (worn)
Magical Staves
 n - a staff of fire
Scrolls
 j - a scroll of holy word
 k - a scroll of fear
Potions
 b - 2 potions of attraction
 d - 3 potions of heal wounds
 f - a potion of haste {unknown}
 h - 3 potions of berserk rage
 i - 3 potions of curing
 o - a potion of might {unknown}


   Skills:
 + Level 0.1 Maces & Flails
 + Level 2.0 Dodging
 - Level 2.1 Stealth
 * Level 3.8 Spellcasting
 * Level 3.7 Conjurations
 + Level 0.5 Transmutations
 * Level 4.4 Fire Magic
 * Level 1.2 Poison Magic


You had one spell level left.
You knew the following spells:

 Your Spells              Type           Power      Damage    Failure   Level
a - Foxfire               Conj/Fire      68%        2x1d7     3%          1
b - Scorch                Fire           36%        2d6       3%          2
c - Conjure Flame         Conj/Fire      17%        6-21      9%          3
d - Flame Wave            Conj/Fire      17%        3d5       30%         4
h - Sting                 Tmut/Pois      24%        1d4       11%         1

Your spell library contained the following spells:

 Spells                   Type           Power      Damage    Failure   Level
 Beastly Appendage        Tmut           10%        N/A       13%         1
 Inner Flame              Hex/Fire       10%        N/A       19%         3
 Ensorcelled Hibernation  Hex/Ice        6%         N/A       24%         2
 Tukima's Dance           Hex            3%         N/A       43%         3
 Petrify                  Tmut/Erth      4%         N/A       82%         4


Dungeon Overview and Level Annotations

Branches:
Dungeon (4/15)            Ossuary (1/1)
 Temple: D:4-7

Altars:
Dithmenos
Nemelex Xobeh
Okawaru
Sif Muna

Shops:
D:3 !


Innate Abilities, Weirdness & Mutations

You are immune to sickness and miasma.
Your stone body is resilient. (AC +4)
You are immune to poison.
You resist negative energy. (rN+)
You are resistant to electric shocks. (rElec)
You are resistant to unholy torment.
You are immune to petrification.


Message History

You hit the wyvern zombie.
The wyvern zombie is lightly damaged.
The wyvern zombie bites you but does no damage.
You hit the wyvern zombie.
The wyvern zombie is lightly damaged.
The wyvern zombie misses you.
A hornet zombie comes into view.
The wyvern zombie barely misses you.
Unknown command.
You hit the wyvern zombie.
The wyvern zombie is moderately damaged.
The wyvern zombie bites you but does no damage.
The bog mummy points at you and mumbles some strange words.
You resist with some effort.
Casting: Foxfire (safe; 3% risk of failure)
Confirm with . or Enter, or press ? or * to list all spells.
You don't have enough magic to cast this spell.
Unknown command.
You hit the wyvern zombie.
The wyvern zombie is moderately damaged.
The wyvern zombie closely misses you.
A killer bee zombie comes into view.
The bog mummy barely misses you. The wyvern zombie misses you.
You hit the wyvern zombie.
The wyvern zombie is heavily damaged.
The wyvern zombie bites you but does no damage.
You barely miss the wyvern zombie.
The wyvern zombie is heavily damaged.
The wyvern zombie bites you. The bog mummy casts a spell at you.
You resist with some effort.
You barely miss the wyvern zombie.
The wyvern zombie is heavily damaged.
The killer bee zombie barely misses you.
The wyvern zombie bites you.
The killer bee zombie barely misses you.
The bog mummy hits you!
* * * LOW HITPOINT WARNING * * *
The wyvern zombie bites you!
You die...

## ##
. .#
#'#'#
...
##'##
#Z..#
#ZM.#
#@Z.#
#####


You could see a bog mummy, a wyvern zombie, a killer bee zombie and a hornet
zombie.

Vanquished Creatures
  A scorpion (D:3)
  A centaur zombie (Ossuary)
  A bullfrog zombie (Ossuary)
  A hound (D:4)
  An iguana (D:3)
  An orc wizard (D:3)
  A mummy (Ossuary)
  3 gnolls (D:4)
  3 adders (D:3)
  A dart slug (D:1)
  6 orcs
  4 endoplasms
  3 giant cockroaches
  10 goblins
  3 hobgoblins
  3 jackals (D:1)
  2 quokkas
  6 ball pythons
  7 bats
  7 frilled lizards
  5 kobolds
  8 rats
78 creatures vanquished.

Vanquished Creatures (others)
  267 foxfires
  3 withered plants (Ossuary)
270 creatures vanquished.

Grand Total: 348 creatures vanquished

Notes
Turn   | Place    | Note
-------+----------+-------------------------------------------
     0 | D:1      | funkygono the Gargoyle Fire Elementalist began the quest
                  | for the Orb.
     0 | D:1      | Reached XP level 1. HP: 10/10 MP: 3/3
   442 | D:1      | Reached XP level 2. HP: 13/15 MP: 0/5
   445 | D:1      | Learned a level 2 spell: Scorch
   705 | D:1      | Got the Tome of Blistering Moulding
  1245 | D:1      | Reached XP level 3. HP: 19/19 MP: 4/6
  1249 | D:1      | Learned a level 3 spell: Conjure Flame
  1254 | D:1      | Learned a level 1 spell: Sting
  2215 | D:3      | Found an iron altar of Okawaru.
  2249 | D:3      | Noticed a scorpion
  2268 | D:3      | Killed a scorpion
  2269 | D:3      | Reached XP level 4. HP: 8/24 MP: 1/8
  2492 | D:3      | Found a sparkling altar of Nemelex Xobeh.
  2494 | D:3      | Found a shimmering blue altar of Sif Muna.
  2567 | D:3      | Reached XP level 5. HP: 9/28 MP: 0/9
  3173 | D:3      | Reached skill level 4 in Fire Magic
  3311 | D:3      | Found a shadowy altar of Dithmenos.
  3404 | D:3      | Reached skill level 1 in Poison Magic
  3448 | D:3      | Found Buicsicw's Distillery.
  3763 | D:4      | Reached XP level 6. HP: 32/32 MP: 5/11
  3771 | D:4      | Learned a level 4 spell: Flame Wave
  3844 | D:4      | Found a sand-covered staircase.
  3848 | Ossuary  | Entered an ossuary
  3924 | Ossuary  | Slain by a wyvern zombie

Illustrated notes

Levels and vault maps discovered:
D:1:      shiori_arrival_oz, layout_loops_corners
D:2:      layout_rooms, minmay_tetromino_o2
D:3:      minmay_octagon_keep, layout_rooms, mainiacjoe_overflow_alcove_2,
          mainiacjoe_overflow_paths, chequers_temple_overflow_statue_of_worship,
          serial_shops, shop
D:4:      layout_loops_cross, lemuel_doored_altar, enter_ossuary_5,
          ebering_ghost_inner_flame, uniq_grinder
Ossuary:  ossuary_zaba_flooded

Skill      XL: |  1  2  3  4  5 |
---------------+----------------+-----
Conjurations   | 3 |  3.7
Spellcasting   | 3 |  3.8
Dodging        | 2 |  2.0
Fire Magic     | 4 |  4.4
Poison Magic   | 1 |  1.2
Maces & Flails | |  0.1
Stealth        | |  2.1
Transmutations | |  0.5

Action                   |  1- 3 |  4- 6 || total
-------------------------+-------+-------++-------
Melee: Unarmed           |     7 |       ||     7
       Whip              |    24 |    22 ||    46
 Cast: Foxfire           |    65 |    92 ||   157
       Sting             |     2 |     1 ||     3
       Scorch            |       |     2 ||     2
  Use: Scroll            |     7 |       ||     7
Armor: Robe              |    14 |    25 ||    39
Dodge: Dodged            |    27 |    39 ||    66

Table legend: (Time is in decaauts)
 A = Elapsed time spent in this place.
 B = Non-inter-level travel time spent in this place.
 C = Inter-level travel time spent in this place.
 D = Time resting spent in this place.
 E = Time spent auto-exploring this place.
 F = Levels seen in this place.
 G = Mean time per level.
                   A        B        C        D        E       F      G
               +--------+--------+--------+--------+--------+-----+--------+
         Total |   3927 |   3874 |     53 |    404 |   2726 |   5 |  785.4 |
       Dungeon |   3849 |   3796 |     53 |    400 |   2692 |   4 |  962.2 |
       Ossuary |     77 |     77 |      0 |      4 |     34 |   1 |   77.0 |
               +--------+--------+--------+--------+--------+-----+--------+

Top non-repeatable levels by time:
     D:1: 1558 daAuts
     D:3: 1501 daAuts
     D:2: 562 daAuts
     D:4: 227 daAuts
 Ossuary: 77 daAuts
